 Dungeon Crawl Stone Soup version 0.20.1-1-g8b1a95d (webtiles) character file.

20641 Gargoyl the Protected (level 12, -12/103 (104) HPs)
             Began as a Minotaur Abyssal Knight on Aug 28, 2017.
             Was the Champion of Lugonu.
             Mangled by a hog (14 damage)
             ... led by Kirke
             ... on level 12 of the Dungeon on Aug 29, 2017.
             The game lasted 00:28:41 (12879 turns).

Gargoyl the Protected (Minotaur Abyssal Knight)    Turns: 12879, Time: 00:28:42

HP:   -12/103 (104) AC:  0    Str: 20    XL:     12   Next: 47%
MP:   17/18         EV: 16    Int: 11    God:    Lugonu [******]
Gold: 908           SH:  0    Dex: 12    Spells: 11/11 levels left

rFire    . . .     SeeInvis .   (weapon currently unavailable)
rCold    . . .     Gourm    .   (shield currently unavailable)
rNeg     . . .     Faith    .   (armour currently unavailable)
rPois    .         Spirit   .   (helmet currently unavailable)
rElec    .         Reflect  .   (cloak currently unavailable)
rCorr    .         Harm     .   (gloves currently unavailable)
MR       .....                  (boots currently unavailable)
Stlth    +.........             (no amulet)
Regen    0.3/turn               (ring currently unavailable)
MPRegen  0.2/turn               (ring currently unavailable)

@: about to teleport, pig-form, slowed, drained
A: (retaliatory headbutt), clever 1, evolution 1
a: Depart the Abyss, Bend Space, Banish, Corrupt, Enter the Abyss, Brand Weapon
With Distortion, Renounce Religion


You were on level 12 of the Dungeon.
You worshipped Lugonu.
Lugonu was exalted by your worship.
You were not hungry.
You were a filthy swine.
You visited 1 branch of the dungeon, and saw 13 of its levels.
You visited the Abyss 1 time.

You collected 908 gold pieces.

Inventory:

Hand Weapons
 a - a +2 hand axe
 A - the +5 mace of Discretion (melded) {drain, rPois rF+ Dex+4}
   (You found it on level 5 of the Dungeon)

   A truly terrible weapon, it drains the life of those it strikes.
   It affects your dexterity (+4).
   It protects you from fire.
   It protects you from poison.
 B - a +0 war axe
 I - a +1 hand axe of flaming
Armour
 d - a +1 cloak of poison resistance (melded)
 j - a +1 hat (melded)
 v - a +1 pair of boots (melded)
 O - a +2 chain mail of magic resistance (melded)
 T - a +0 shield (melded)
Jewellery
 C - a +3 ring of dexterity
 K - a +4 ring of dexterity (melded)
 L - an uncursed ring of protection from cold
 Q - a ring of protection from fire (melded)
Wands
 q - a wand of random effects (24/48)
 t - a wand of polymorph (6/24)
 w - a wand of polymorph (4/24)
 F - a wand of flame (1/48)
 M - a wand of random effects (29/48)
 N - a wand of clouds (1/9)
Scrolls
 b - a scroll of remove curse
 o - 3 scrolls of identify
 u - a scroll of teleportation
 x - 2 scrolls of amnesia
 y - a scroll of blinking
 G - a scroll of recharging
Potions
 e - a potion of berserk rage {unknown}
 g - 2 potions of mutation {unknown}
 i - a potion of resistance
 k - a potion of agility {unknown}
 l - 3 potions of might
 m - 2 potions of cancellation
 p - a potion of brilliance
 r - a potion of haste {unknown}
 s - 2 potions of heal wounds {unknown}
 z - 4 potions of curing
 D - 3 potions of magic {unknown}
 H - 2 potions of degeneration {unknown}
 J - a potion of lignification {unknown}
Comestibles
 c - 4 bread rations
 f - 13 royal jellies
 h - 9 meat rations
 n - 18 fruits


   Skills:
 + Level 9.1(8.5) Fighting
 + Level 6.8(9.4) Axes
 + Level 11.4 Maces & Flails
 * Level 12.4(11.7) Armour
 + Level 4.2(3.7) Dodging
 + Level 9.5(8.9) Shields
 * Level 9.4(8.8) Invocations
 + Level 0.3(0.0) Evocations


You had 11 spell levels left.
You didn't know any spells.

Dungeon Overview and Level Annotations

Branches:
Dungeon (13/15)            Temple (0/1) D:7            Lair (0/6) D:11
    Orc (0/2) D:10
 Vaults: D:13-14

Altars:
Ashenzari
Dithmenos
Elyvilon
Hepliaklqana
Makhleb
Nemelex Xobeh
Qazlal
Ru
Sif Muna
Trog
Vehumet
Yredelemnul

Shops:
D:8 :

Annotations:
D:7 exclusion: oklob sapling
D:12 Kirke


Innate Abilities, Weirdness & Mutations

((You reflexively headbutt those who attack you in melee.))
((You have a pair of horns on your head.))
((You have large cloven feet.))
((You are partially covered in large bone plates. (SH +4)))
Your mind is acute. (Int +2)
You evolve.


Message History

The harpy closely misses you. The harpy claws you. The harpy claws you!
The harpy barely misses you. Kirke hits you!
You bite Kirke!
Kirke is severely wounded.
The harpy claws you! The harpy misses you. The harpy claws you! x2
Unknown command.
As you read the scroll of teleportation, it crumbles to dust.
You feel strangely unstable.
The harpy screeches!
The harpy claws you! x2
* * * LOW HITPOINT WARNING * * *
The harpy completely misses you. The harpy claws you.
* * * LOW HITPOINT WARNING * * *
Kirke points at you and mumbles some strange words.
You feel yourself slow down. Space bends around you!
You blink.
The hog misses you.
The centaur wields a shortbow.
The centaur shoots an arrow.
The arrow hits you!
* * * LOW HITPOINT WARNING * * *
The hog bites you!
You die...

y#,,,>,,,*,,,*,,,,,*
'#,,,,,,,*,,,#.....#
.#.......*,,,#.....#
.#.......#,,,#.....#
.+.......+,,,#.....#
##.......#####.....#
.........#...#hc...#
.........#..Hh.h...#
.........#...#@hh..#
.........+...#######
.........#....#
..............#
..........##..#
..##........###
..##........#
..##........#
>.###.......#######*


You could see Kirke, a harpy, 4 hogs and a centaur.

Vanquished Creatures
  The ghost of Sharkie the Summoner, a journeyman BaSu of the Shining One (D:13)
  A hydra (D:8)
  Fannar (D:11)
  A centaur warrior (D:13)
  The ghost of Berahthraban the Ducker, a journeyman HuTm of Hepliaklqana (D:10)
  5 two-headed ogres
  The ghost of emsyzz the Carver, a novice HOFi (D:7)
  2 ugly things (D:11)
  A deep elf mage (D:13)
  A cyclops (D:11)
  Joseph (D:10)
  A kobold demonologist (D:8)
  A centaur skeleton (D:11)
  2 trolls
  2 dream sheep (D:8)
  Grinder (D:6)
  4 hippogriffs
  A meliai zombie (D:10)
  2 yaks (D:8)
  A wyvern (D:8)
  2 hungry ghosts
  A vampire mosquito (D:13)
  An acid dragon (D:11)
  A hell hound (D:11)
  2 water moccasins
  10 ice beasts
  3 sky beasts
  8 orc warriors
  2 necrophages
  A phantom (D:6)
  8 ogres
  7 centaurs
  16 big kobolds
  4 bullfrogs
  2 gnoll sergeants
  2 wyvern skeletons
  3 scorpions
  8 killer bees
  An electric eel (D:8)
  2 wights (D:13)
  4 howler monkeys
  4 crimson imps
  A centaur zombie (D:9)
  9 jellies
  8 hounds
  9 orc priests
  A bullfrog skeleton (D:6)
  12 orc wizards
  Natasha (thrice) (D:3)
  4 iguanas
  Terence (D:2)
  6 worker ants
  A hound skeleton (D:9)
  9 gnolls
  16 adders
  4 oozes
  3 adder skeletons
  3 worms
  A dart slug (D:1)
  A leopard gecko (D:11)
  31 orcs
  7 bats
  9 giant cockroaches
  8 goblins
  5 hobgoblins
  32 jackals
  27 kobolds
  5 quokkas
  A ball python (D:1)
  6 frilled lizards
  A jackal skeleton (D:4)
  A leopard gecko zombie (D:7)
  6 rats
354 creatures vanquished.

Vanquished Creatures (others)
  An unseen horror (D:10)
  2 lurking horrors (Abyss:2)
3 creatures vanquished.

Grand Total: 357 creatures vanquished

Notes
Turn   | Place    | Note
-------+----------+-------------------------------------------
     0 | Abyss:1  | Gargoyl the Minotaur Abyssal Knight began the quest for the Orb.
     0 | Abyss:1  | Reached XP level 1. HP: 19/19 MP: 1/1
    23 | Abyss:1  | Found a corrupted altar of Lugonu.
   133 | Abyss:1  | Noticed a large abomination
   223 | Abyss:2  | Noticed a large abomination
   241 | Abyss:2  | Noticed a worldbinder
   242 | Abyss:2  | Noticed a merfolk siren
   242 | Abyss:2  | Noticed a merfolk siren
   243 | Abyss:2  | Noticed a merfolk siren
   243 | D:1      | Escaped the Abyss
   459 | D:1      | Reached XP level 2. HP: 23/27 MP: 2/2
   473 | D:1      | Reached skill level 3 in Armour
   566 | D:1      | Reached * piety under Lugonu
   668 | D:1      | Reached XP level 3. HP: 31/33 MP: 3/3
  1397 | D:2      | Noticed Terence
  1407 | D:2      | Killed Terence
  1450 | D:2      | Reached XP level 4. HP: 40/40 MP: 4/4
  1632 | D:2      | Found a deep blue altar of Sif Muna.
  1940 | D:3      | Reached ** piety under Lugonu
  2007 | D:3      | Noticed Natasha
  2013 | D:3      | Killed Natasha
  2343 | D:3      | Reached XP level 5. HP: 46/47 MP: 6/6
  2515 | D:3      | Noticed Natasha
  2524 | D:3      | Killed Natasha
  2524 | D:3      | Reached skill level 4 in Armour
  2552 | D:3      | Noticed Natasha
  2559 | D:3      | Killed Natasha
  2815 | D:4      | Reached XP level 6. HP: 39/53 MP: 7/7
  2836 | D:4      | Reached skill level 5 in Axes
  3259 | D:4      | Reached skill level 5 in Armour
  3735 | D:5      | Entered Level 5 of the Dungeon
  3784 | D:5      | Reached XP level 7. HP: 51/60 MP: 8/8
  3864 | D:5      | Found a stormy altar of Qazlal.
  3982 | D:5      | Reached *** piety under Lugonu
  4047 | D:5      | Got a slimy mace
  4048 | D:5      | Identified the +5 mace of Discretion {drain, rPois rF+ Dex+4} (You found it on level 5 of the Dungeon)
  4181 | D:5      | Found a shattered altar of Ashenzari.
  4181 | D:5      | Found a faded altar of an unknown god.
  4242 | D:5      | Found a shadowy altar of Dithmenos.
  4244 | D:5      | Found a faded altar of an unknown god.
  4246 | D:5      | Found a white marble altar of Elyvilon.
  4308 | D:5      | Reached skill level 6 in Armour
  4349 | D:5      | Found a bloodstained altar of Trog.
  4380 | D:6      | Noticed Grinder
  4387 | D:6      | Killed Grinder
  4387 | D:6      | Reached skill level 1 in Maces & Flails
  4532 | D:6      | Reached skill level 5 in Fighting
  4551 | D:6      | Reached XP level 8. HP: 62/68 MP: 10/10
  4555 | D:6      | Gained mutation: You are partially covered in large bone plates. (SH +4) [mutagenic meat]
  4556 | D:6      | Gained mutation: Your mind is acute. (Int +2) [mutagenic meat]
  4557 | D:6      | Gained mutation: You have large cloven feet. [mutagenic meat]
  4582 | D:6      | Found a basalt altar of Yredelemnul.
  4610 | D:6      | Reached skill level 7 in Armour
  5266 | D:6      | Found a sacrificial altar of Ru.
  5331 | D:6      | Reached skill level 1 in Shields
  5338 | D:6      | Reached skill level 5 in Invocations
  5371 | D:6      | Reached skill level 5 in Maces & Flails
  5647 | D:6      | Reached XP level 9. HP: 72/75 MP: 11/11
  5829 | D:7      | Noticed emsyzz's ghost (novice HOFi)
  5851 | D:7      | Killed emsyzz's ghost
  5851 | D:7      | Reached skill level 8 in Armour
  6324 | D:7      | Found a staircase to the Ecumenical Temple.
  6386 | D:7      | Reached skill level 9 in Armour
  6561 | D:7      | Reached **** piety under Lugonu
  6856 | D:7      | Found a burning altar of Makhleb.
  6856 | D:7      | Found a radiant altar of Vehumet.
  7099 | D:8      | Found Atioruirey's Book Boutique.
  7104 | D:8      | Found a sparkling altar of Nemelex Xobeh.
  7124 | D:8      | Reached XP level 10. HP: 83/83 MP: 13/13
  7404 | D:8      | Reached skill level 5 in Shields
  7426 | D:8      | Reached ***** piety under Lugonu
  7643 | D:8      | Reached skill level 10 in Armour
  7697 | D:8      | Noticed a two-headed hydra
  7710 | D:8      | Killed a two-headed hydra
  8277 | D:9      | Found Godutak's Jewellery Emporium.
  8368 | D:9      | Found a hazy altar of Hepliaklqana.
  8503 | D:9      | Reached XP level 11. HP: 91/91 MP: 15/15
  8992 | D:10     | Entered Level 10 of the Dungeon
  8992 | D:10     | Noticed a two-headed ogre
  9002 | D:10     | Killed a two-headed ogre
  9155 | D:10     | Noticed Joseph
  9168 | D:10     | Killed Joseph
  9217 | D:10     | Banished an unseen horror
  9460 | D:10     | Noticed a two-headed ogre
  9470 | D:10     | Killed a two-headed ogre
  9470 | D:10     | Reached skill level 10 in Maces & Flails
  9470 | D:10     | Reached skill level 11 in Armour
  9532 | D:10     | Noticed Berahthraban's ghost (journeyman HuTm)
  9579 | D:11     | Found a staircase to the Lair.
  9583 | D:11     | Noticed a brown ugly thing
  9585 | D:11     | Noticed a brown ugly thing
  9612 | D:11     | Killed a brown ugly thing
  9648 | D:11     | Gained mutation: You evolve. [mutagenic meat]
  9884 | D:11     | Killed a brown ugly thing
 10684 | D:10     | Noticed a two-headed ogre
 10697 | D:10     | Killed a two-headed ogre
 11344 | D:10     | Found a staircase to the Orcish Mines.
 11442 | D:10     | Killed Berahthraban's ghost
 11478 | D:10     | Noticed a two-headed ogre
 11491 | D:10     | Killed a two-headed ogre
 11491 | D:10     | Reached XP level 12. HP: 66/102 MP: 17/17
 12018 | D:11     | Noticed Fannar
 12039 | D:11     | Killed Fannar
 12039 | D:11     | Reached skill level 12 in Armour
 12114 | D:12     | Noticed a two-headed ogre
 12128 | D:12     | Killed a two-headed ogre
 12203 | D:12     | Found a frozen archway.
 12377 | D:13     | Noticed Sharkie's ghost (journeyman BaSu)
 12424 | D:13     | Killed Sharkie's ghost
 12624 | D:13     | Noticed a centaur warrior
 12632 | D:13     | Killed a centaur warrior
 12776 | D:13     | Reached ****** piety under Lugonu
 12866 | D:12     | Noticed Kirke
 12879 | D:12     | HP: 2/103 [centaur/arrow (9)]
 12879 | D:12     | Mangled by a hog

Skill      XL: |  1  2  3  4  5  6  7  8  9 10 11 12 |
---------------+-------------------------------------+-----
Invocations    | 2 3 4 5 6 7 8 9 |  9.4
Armour         | 3 4 5 6 7 9 10 11 12 | 12.4
Fighting       | 4 5 6 7 8 9 |  9.1
Axes           | 4 5 6 |  6.8
Maces & Flails | 1 5 7 9 11 | 11.4
Dodging        | 2 3 4 |  4.2
Shields        | 2 4 6 8 9 |  9.5
Evocations     | |  0.3

Action                   |  1- 3 |  4- 6 |  7- 9 | 10-12 || total
-------------------------+-------+-------+-------+-------++-------
Melee: Hand axe          |    64 |   133 |     7 |       ||   204
       Headbutt          |     5 |    16 |    52 |   176 ||   249
       Mace              |       |       |   280 |   729 ||  1009
       Unarmed           |       |       |       |     6 ||     6
Invok: Depart the Abyss  |     1 |       |       |       ||     1
       Banish            |       |       |       |     1 ||     1
       Bend Space        |       |       |       |     2 ||     2
Evoke: Wand              |       |     1 |     1 |       ||     2
  Use: Scroll            |     3 |     5 |     5 |    11 ||    24
       Potion            |     1 |       |     1 |       ||     2
 Stab: Confused          |       |     1 |       |       ||     1
  Eat: Chunk             |     2 |     7 |    12 |    22 ||    43
       Bread ration      |       |       |     1 |       ||     1
Armor: Chain mail        |    42 |   106 |   166 |   389 ||   703
Dodge: Dodged            |    40 |    74 |   141 |   237 ||   492
Block: Buckler           |       |       |   110 |   244 ||   354
       Other             |       |       |     7 |       ||     7
       Shield            |       |       |       |   301 ||   301
